 Dungeon Crawl Stone Soup version 0.30-a0-840-ga523dec638 (webtiles) character file.

Game seed: 15755182730811919683

68653 cforsyth the Unseen (level 15, -12/90 HPs)
             Began as a Kobold Brigand on Mar 2, 2023.
             Was the Champion of Hepliaklqana.
             Mangled by an orc knight
             ... wielding a +0 glaive
              (42 damage)
             ... on level 2 of the Orcish Mines.
             The game lasted 00:36:03 (23348 turns).

cforsyth the Unseen (Kobold Brigand)               Turns: 23348, Time: 00:36:03

Health: -12/90     AC: 11    Str: 11    XL:     15   Next: 71%
Magic:  15/15      EV: 29    Int: 14    God:    Hepliaklqana [******]
Gold:   2557       SH:  0    Dex: 23    Spells: 14/14 levels left

rFire   + + .      SeeInvis +    k - +5 dagger of Generosity {drain, rN+}
rCold   + . .      Faith    +    (no shield)
rNeg    + . .      Spirit   .    v - +2 robe {rC+ rF+}
rPois   .          Reflect  .    E - +1 helmet
rElec   .          Harm     .    c - +0 cloak
rCorr   .          Rampage  .    p - +0 pair of gloves
Will    +....                    b - +2 pair of boots
Stlth   +++++++++                R - amulet of Stoicism {Faith Regen+ Str+3 SInv}
HPRegen 1.15/turn                V - ring of protection from fire
MPRegen 0.14/turn                t - ring of flight

@: about to teleport, flying
A: reduced essence, small, no large weapons, nightstalker 3
a: Renounce Religion, Recall Ancestor, Ancestor Identity, Transference, Idealise


You were on level 2 of the Orcish Mines.
You worshipped Hepliaklqana.
Hepliaklqana was exalted by your worship.
You visited 4 branches of the dungeon, and saw 20 of its levels.
You also visited: Ossuary, Bailey and Ice Cave.

You collected 2557 gold pieces.

Inventory:

Hand Weapons
 a - a +2 dagger
 k - the +5 dagger of Generosity (weapon) {drain, rN+}
   (You found it on level 5 of the Dungeon)

   rN:        It protects you from negative energy.
 y - a +0 rapier
Missiles
 d - 34 poisoned darts (quivered)
 e - 8 curare-tipped darts
 H - 5 throwing nets
Armour
 b - a +2 pair of boots (worn)
 c - a +0 cloak (worn)
 p - a +0 pair of gloves (worn)
 v - a +2 robe of resistance (worn)
 E - a +1 helmet (worn)
 Q - a +2 robe of cold resistance
 T - a +0 troll leather armour
Jewellery
 g - a ring of protection from cold
 t - a ring of flight (right hand)
 w - an amulet of regeneration
 z - a ring of protection from cold
 F - a ring of positive energy
 R - the amulet of Stoicism (around neck) {Faith Regen+ Str+3 SInv}
   (You took it off an orc knight on level 10 of the Dungeon)

   [amulet of faith]

   It allows you to gain divine favour quickly.
   Str:       It affects your strength (+3).
   SInv:      It lets you see invisible.
   Regen:     It increases your rate of health regeneration.
 V - a ring of protection from fire (left hand)
 X - a ring of ice
Wands
 C - a wand of flame (33)
 G - a wand of digging (6)
 L - a wand of charming (11)
 M - a wand of mindburst (27)
 P - a wand of polymorph (8)
 U - a wand of roots (5)
Scrolls
 i - 6 scrolls of blinking
 j - 2 scrolls of fog
 n - 3 scrolls of teleportation
 r - a scroll of poison
 D - 3 scrolls of fear
 I - a scroll of enchant armour
 K - a scroll of silence {unknown}
 O - 3 scrolls of enchant weapon {unknown}
 S - 4 scrolls of amnesia
 W - a scroll of butterflies
Potions
 f - 4 potions of invisibility
 h - 7 potions of mutation
 l - 4 potions of heal wounds
 m - 2 potions of cancellation
 o - 7 potions of curing
 q - 3 potions of resistance
 s - 3 potions of berserk rage
 u - a potion of ambrosia
 x - 5 potions of flight
 A - 3 potions of brilliance
 B - 7 potions of might
 J - 2 potions of attraction
 N - 5 potions of haste


   Skills:
 + Level 14.8 Fighting
 + Level 17.4 Short Blades
 - Level 2.1 Throwing
 + Level 15.9 Dodging
 + Level 19.2 Stealth


You had 14 spell levels left.
You didn't know any spells.
Your spell library contained the following spells:

 Spells                   Type           Power      Damage    Failure   Level
 Apportation              Tloc           0%         N/A       28%         1
 Magic Dart               Conj           0%         1d3       28%         1
 Shock                    Conj/Air       0%         1d3       28%         1
 Call Imp                 Summ           0%         N/A       41%         2
 Sublimation of Blood     Necr           0%         N/A       41%         2
 Wereblood                Tmut           0%         N/A       41%         2
 Gell's Gravitas          Tloc           0%         N/A       65%         3
 Inner Flame              Hex/Fire       0%         N/A       65%         3
 Mephitic Cloud           Conj/Pois/Air  0%         N/A       65%         3
 Ozocubu's Armour         Ice            0%         N/A       65%         3
 Swiftness                Air            0%         N/A       65%         3
 Teleport Other           Tloc           0%         N/A       65%         3
 Airstrike                Air            0%         2d(0-16)  96%         4
 Flame Wave               Conj/Fire      0%         2d4       96%         4
 Petrify                  Tmut/Erth      0%         N/A       96%         4
 Sticky Flame             Conj/Fire      0%         2d3       96%         4
 Summon Lightning Spire   Summ/Air       0%         N/A       96%         4
 Alistair's Intoxication  Tmut/Pois      0%         N/A       100%        5
 Irradiate                Conj/Tmut      0%         3d11      100%        5
 Dispersal                Tloc           0%         N/A       100%        6
 Ozocubu's Refrigeration  Ice            0%         4d7       100%        7
 Storm Form               Tmut/Air       0%         N/A       100%        7
 Summon Hydra             Summ           0%         N/A       100%        7
 Maxwell's Capacitive Co  Air            0%         ∞         100%        8


Dungeon Overview and Level Annotations

Branches:
Dungeon (12/15)            Temple (1/1) D:4            Lair (5/5) D:10
 Shoals (0/4) Lair:3        Snake (0/4) Lair:2        Slime (0/5) Lair:4
    Orc (2/2) D:9             Elf (0/3) Orc:2       Ossuary (visited)
 Bailey (visited)           IceCv (visited)

Altars:
Ashenzari
Cheibriados
Dithmenos
Elyvilon
Fedhas
Gozag
Hepliaklqana
Kikubaaqudgha
Makhleb
Nemelex Xobeh
Okawaru
Qazlal
Ru
Sif Muna
Trog
Uskayaw
Vehumet
Wu Jian
Xom
Yredelemnul
Zin
The Shining One
Jiyva

Shops:
D:10 :   Orc:1 **   Orc:2 !!

Annotations:
D:5 1 runed translucent door, Crazy Yiuf
D:10 6 transporters
Orc:2 3 runed translucent doors, Jeffwins's ghost, adept HuWn; Pooter's ghost, journeyman MiBe


Innate Abilities, Weirdness & Mutations

Your life essence is reduced to manifest your ancestor. (-10% HP)
You are small and have problems with some larger weapons.
You are completely attuned to the shadows.


Message History

The ogre misses you.
The orc knight roars a battlecry!
You hear a shout!
You barely miss the orc knight.
An orc high priest comes into view. It is wielding a +0 dire flail.
The orc knight roars a battlecry!
The orc knight goes into a battle-frenzy!
The orc knight barely misses you.
The orc warrior hits you with a +0 dire flail!
You hit the orc knight. You drain the orc knight.
The orc knight is lightly wounded.
The ogre completely misses you.
You barely miss the orc knight.
The orc knight is lightly wounded.
The orc high priest mumbles some strange prayers to Beogh.
The orc knight hits you with a +2 glaive!!
You barely miss the orc knight. Your punch misses the orc knight.
The orc knight is lightly wounded.
You hit the orc knight.
The orc knight is lightly wounded.
The orc knight roars a battlecry!
The ogre closely misses you.
The orc knight hits you from afar with a +0 glaive!!
The orc knight completely misses Ferran.
The orc warrior closely misses you.
A demonspawn comes into view.
You are too injured to fight recklessly!
You are too injured to fight recklessly!
You are too injured to fight recklessly!
You are too injured to fight recklessly!
You are too injured to fight recklessly!
You are too injured to fight recklessly!
You are too injured to fight recklessly!
Unknown command.
As you read the scroll of teleportation, it crumbles to dust.
You feel strangely unstable.
Ferran hits the orc knight but does no damage.
Ferran drains the orc knight.
The orc knight hits you from afar with a +0 glaive!!!
You die...

### ####### ### ###
#.###.#.#.#######.####.##
...#........##.#........#
#..................)...##
......##..#....oo.)...##
...............O@......#
.......#.......oR.....##
............#oo.......#
#..... .o3....... ......
6........ ...... ......
#..... ......


You could see the friendly Ferran the hexer, a demonspawn, 3 orc knights, an orc
high priest (strong), a ynoxinul (summoned), 2 orc warriors and an ogre.

Vanquished Creatures
  Jorgrun (D:11)
  An orc warlord (Orc:1)
  Josephine (D:12)
  2 hydras
  Fannar (Orc:1)
  Erolcha (D:9)
  Harold (Orc:1)
  3 boulder beetles
  5 two-headed ogres
  A centaur warrior (D:12)
  2 ironbound frosthearts (IceCv)
  4 death yaks (IceCv)
  A tengu warrior (D:12)
  An orc high priest (Orc:2)
  Urug (Lair:3)
  A sun demon (Orc:2)
  A skyshark (Lair:3)
  3 orc knights
  2 ugly things
  An orc sorcerer (Orc:2)
  2 cyclopes (D:10)
  A manticore (D:10)
  Maurice (D:12)
  11 elephants
  4 black mambas
  2 merfolk sirens (Lair:3)
  An ice statue (IceCv)
  3 orange demons
  A smoke demon (D:12)
  A gargoyle (D:11)
  5 cane toads
  5 komodo dragons
  2 rime drakes
  3 trolls
  Grinder (D:6)
  2 merfolk (Lair:3)
  13 polar bears
  Prince Ribbit (D:8)
  13 blink frogs
  3 hornets
  6 dream sheep
  4 spriggans (Bailey)
  37 yaks
  5 wraiths
  3 wyverns
  A shadow (D:10)
  A neqoxec (D:12)
  2 chaos spawn (D:12)
  A vampire mosquito (D:11)
  A naga (Lair:2)
  Menkaure (D:6)
  2 acid dragons
  10 water moccasins
  20 orc warriors
  An ice beast (D:7)
  3 black bears
  5 ogres
  2 centaurs
  11 wolves (IceCv)
  2 elf zombies (Ossuary)
  2 kobold brigands
  11 bullfrogs
  2 gnoll sergeants
  2 scorpions
  7 wights
  A killer bee (D:10)
  6 howler monkeys
  2 quasits
  5 jellies
  14 orc priests
  5 hounds
  A human zombie (Ossuary)
  A gnoll bouda (D:7)
  5 iguanas
  20 orc wizards
  2 mummies (Ossuary)
  7 gnolls
  9 adders
  2 shadow imps
  A white imp (D:7)
  An ufetubus (D:7)
  5 adder zombies (Ossuary)
  2 dart slugs
  60 orcs
  7 ball pythons
  3 endoplasms
  2 giant cockroaches
  6 goblins
  9 hobgoblins
  2 jackals (D:3)
  2 quokkas
  6 bats
  9 hobgoblin zombies (Ossuary)
  A jackal zombie (Ossuary)
  12 kobolds
  7 kobold zombies (Ossuary)
  9 orc zombies (Ossuary)
  5 rats
  3 rat zombies (Ossuary)
483 creatures vanquished.

Vanquished Creatures (collateral kills)
  A hydra (D:10)
  Sonja (Lair:4)
  A death yak (IceCv)
  A deep elf pyromancer (D:10)
  An orc sorcerer (Orc:2)
  5 elephants
  A torpor snail (Lair:3)
  A rust devil (D:11)
  3 cane toads
  A rime drake (Lair:3)
  A kobold demonologist (D:7)
  A tengu conjurer (D:12)
  2 polar bears (IceCv)
  3 blink frogs
  3 dream sheep
  A slime creature (D:7)
  A vampire (D:10)
  2 wraiths
  3 basilisks
  7 yaks
  A vampire mosquito (D:11)
  2 nagas (Lair:2)
  6 orc warriors
  A black bear (D:6)
  An ogre (Orc:1)
  A centaur (D:7)
  2 bullfrogs
  2 wights (D:8)
  2 howler monkeys (D:7)
  An electric eel (Lair:2)
  A jelly (Lair:4)
  A hound (D:7)
  6 orc priests
  An orc wizard (Orc:2)
  A gnoll (D:6)
  20 orcs
  2 goblins (D:10)
  A hobgoblin (D:10)
92 creatures vanquished.

Vanquished Creatures (others)
  10 hexers
  An ancestor (D:6)
  A demonic plant (D:12)
  6 fungi
  8 plants
26 creatures vanquished.

Grand Total: 601 creatures vanquished

Notes
Turn   | Place    | Note
-------+----------+-------------------------------------------
     0 | D:1      | cforsyth the Kobold Brigand began the quest for the Orb.
     0 | D:1      | Reached XP level 1. HP: 12/12 MP: 1/1
   287 | D:1      | Reached XP level 2. HP: 18/18 MP: 2/2
  1316 | D:2      | Identified the +4 chain mail of Veeckyad {Will+ MP+9 Dex+2
                  | Stlth+}
  1458 | D:2      | Reached XP level 3. HP: 22/22 MP: 3/3
  1630 | D:3      | Reached XP level 4. HP: 27/27 MP: 4/4
  1643 | D:3      | Reached skill level 6 in Stealth
  2121 | D:3      | Reached XP level 5. HP: 27/32 MP: 5/5
  2993 | D:4      | Noticed a black bear
  3005 | D:4      | Reached XP level 6. HP: 23/38 MP: 6/6
  3023 | D:4      | Killed a black bear
  3024 | D:4      | Reached skill level 7 in Stealth
  3420 | D:4      | Found a staircase to the Ecumenical Temple.
  3436 | D:4      | Reached skill level 5 in Short Blades
  3448 | Temple   | Entered the Ecumenical Temple
  3503 | Temple   | Became a worshipper of Hepliaklqana the Forgotten
  3599 | D:4      | Reached XP level 7. HP: 43/43 MP: 7/7
  4093 | D:5      | Entered Level 5 of the Dungeon
  4339 | D:5      | Found a runed translucent door.
  4388 | D:5      | Identified the +5 dagger of Generosity {drain, rN+}
  4468 | D:5      | Found a sand-covered staircase.
  4473 | Ossuary  | Entered an ossuary
  4668 | Ossuary  | Reached XP level 8. HP: 48/48 MP: 8/8
  4685 | Ossuary  | Reached skill level 5 in Fighting
  4724 | Ossuary  | Reached skill level 8 in Stealth
  4763 | Ossuary  | Reached skill level 5 in Dodging
  4965 | D:5      | Reached * piety under Hepliaklqana
  5584 | D:5      | Noticed Crazy Yiuf
  5653 | D:6      | Noticed Grinder
  5658 | D:6      | Killed Grinder
  5718 | D:6      | Reached skill level 9 in Stealth
  5758 | D:6      | Noticed Menkaure
  5762 | D:6      | Reached XP level 9. HP: 27/49 MP: 9/9
  6020 | D:6      | Killed Menkaure
  6024 | D:6      | Reached skill level 10 in Stealth
  7031 | D:7      | You are sucked into a shaft and drop 1 floor!
  7161 | D:8      | Found a basalt altar of Yredelemnul.
  7245 | D:8      | Reached ** piety under Hepliaklqana
  7246 | D:8      | Remembered your ancestor Ferran as a hexer
  7350 | D:7      | Reached XP level 10. HP: 56/56 MP: 10/10
  7643 | D:8      | Reached skill level 11 in Stealth
  7694 | D:8      | Noticed a two-headed ogre
  7702 | D:8      | Killed a two-headed ogre
  7783 | D:8      | Noticed Prince Ribbit
  7787 | D:8      | Killed Prince Ribbit
  7938 | D:8      | Reached skill level 10 in Short Blades
  8371 | D:7      | Noticed a kobold demonologist
  8389 | D:7      | Reached skill level 12 in Stealth
  8394 | D:7      | Noticed an orange demon
  8395 | D:7      | Killed a kobold demonologist
  8502 | D:7      | Reached XP level 11. HP: 62/62 MP: 11/11
  8806 | D:9      | Reached skill level 10 in Dodging
  8816 | D:9      | Noticed Erolcha
  8824 | D:9      | Killed Erolcha
  8825 | D:9      | Reached skill level 13 in Stealth
  8976 | D:9      | Found a staircase to the Orcish Mines.
  9228 | D:10     | Entered Level 10 of the Dungeon
  9269 | D:10     | Found a transporter.
  9271 | D:10     | Found a transporter.
  9398 | D:10     | Noticed a manticore
  9414 | D:10     | Killed a manticore
  9452 | D:10     | Found a transporter.
  9452 | D:10     | Reached *** piety under Hepliaklqana
  9479 | D:10     | Found a transporter.
  9499 | D:10     | Found a transporter.
  9502 | D:10     | Found a transporter.
  9526 | D:10     | Found a flagged portal.
  9533 | Bailey   | Entered a bailey
  9625 | Bailey   | Noticed a two-headed ogre
  9629 | Bailey   | Killed a two-headed ogre
  9630 | Bailey   | Reached skill level 10 in Fighting
  9943 | D:10     | Found a white marble altar of Elyvilon.
 10005 | D:10     | Found a staircase to the Lair.
 10082 | D:10     | Found a bloodstained altar of Trog.
 10083 | D:10     | Found a sparkling altar of Nemelex Xobeh.
 10083 | D:10     | Found a snail-covered altar of Cheibriados.
 10087 | D:10     | Found a stormy altar of Qazlal.
 10088 | D:10     | Found an iron altar of Okawaru.
 10093 | D:10     | Found a glowing golden altar of the Shining One.
 10094 | D:10     | Found a shimmering blue altar of Sif Muna.
 10104 | D:10     | Noticed a two-headed ogre
 10112 | D:10     | Killed a two-headed ogre
 10134 | D:10     | Reached XP level 12. HP: 52/69 MP: 12/12
 10219 | D:10     | Found a glowing golden altar of the Shining One.
 10220 | D:10     | Found an iron altar of Okawaru.
 10236 | D:10     | Identified the amulet of Stoicism {Faith Regen+ Str+3 SInv}
 10243 | D:10     | Found a shimmering blue altar of Sif Muna.
 10243 | D:10     | Found a sacrificial altar of Ru.
 10260 | D:10     | Reached skill level 14 in Stealth
 10401 | D:10     | Noticed a boulder beetle
 10419 | D:10     | Killed a boulder beetle
 10509 | D:10     | Found Juress's Book Shop.
 10558 | D:10     | Identified the +1 scimitar "Nupn" {flame, rC- Will+ rCorr}
 10711 | D:10     | Noticed a two-headed ogre
 10713 | D:10     | Noticed a five-headed hydra
 10779 | D:10     | Killed a two-headed ogre
 10975 | D:10     | Killed a five-headed hydra
 11549 | D:11     | Reached **** piety under Hepliaklqana
 12626 | D:11     | Reached skill level 15 in Stealth
 12738 | D:12     | Noticed Jorgrun
 13162 | D:11     | Killed Jorgrun
 13310 | D:12     | Reached XP level 13. HP: 40/75 MP: 13/13
 13353 | D:12     | Noticed Josephine
 13355 | D:12     | Killed Josephine
 13526 | D:12     | Noticed a centaur warrior
 13535 | D:12     | Killed a centaur warrior
 13730 | D:12     | Noticed Maurice
 13744 | D:12     | Reached skill level 16 in Stealth
 13770 | D:12     | Killed Maurice
 14286 | Lair:1   | Entered Level 1 of the Lair of Beasts
 14572 | Lair:1   | Reached ***** piety under Hepliaklqana
 15824 | Lair:2   | Found a staircase to the Snake Pit.
 16004 | Lair:3   | Found a frozen archway.
 16034 | IceCv    | Entered an ice cave
 16057 | IceCv    | Reached skill level 15 in Short Blades
 16150 | IceCv    | Reached XP level 14. HP: 82/82 MP: 14/14
 16236 | IceCv    | Reached skill level 17 in Stealth
 18469 | Lair:3   | Reached ****** piety under Hepliaklqana
 18538 | Lair:3   | Found a staircase to the Shoals.
 18970 | Lair:3   | Noticed Urug
 18990 | Lair:3   | Killed Urug
 18991 | Lair:3   | Reached skill level 18 in Stealth
 19397 | Lair:3   | Reached skill level 15 in Dodging
 19397 | Lair:3   | Reached XP level 15. HP: 90/90 MP: 15/15
 19811 | Lair:4   | Noticed Sonja
 20012 | Lair:4   | Found a viscous altar of Jiyva.
 20029 | Lair:4   | Found a staircase to the Slime Pits.
 20187 | Lair:4   | Killed Sonja
 20500 | Lair:5   | Entered Level 5 of the Lair of Beasts
 21139 | Orc:1    | Entered Level 1 of the Orcish Mines
 21201 | Orc:1    | Noticed Fannar
 21223 | Orc:1    | Killed Fannar
 21391 | Orc:1    | Noticed Harold
 21401 | Orc:1    | Killed Harold
 21436 | Orc:1    | Found Omoasac's General Store.
 21437 | Orc:1    | Found Myschawka's Specific Store.
 21652 | Orc:2    | Entered Level 2 of the Orcish Mines
 21782 | Orc:2    | Noticed an orc warlord
 22068 | Orc:1    | Killed an orc warlord
 22069 | Orc:1    | Reached skill level 19 in Stealth
 22407 | Orc:2    | Found Jox Pay's Distillery.
 22603 | Orc:2    | Found a staircase to the Elven Halls.
 22772 | Orc:2    | Found Utuolos's Distillery.
 22993 | Orc:2    | Paralysed by an orc sorcerer for 2 turns
 23172 | Orc:2    | Found a runed translucent gate.
 23173 | Orc:2    | Found a runed translucent gate.
 23173 | Orc:2    | Noticed Pooter's ghost (journeyman MiBe)
 23174 | Orc:2    | Found a runed translucent gate.
 23176 | Orc:2    | Noticed Jeffwins's ghost (adept HuWn)
 23348 | Orc:2    | Mangled by an orc knight

Illustrated notes

Levels and vault maps discovered:
D:1:      dpeg_arrival_stone_temple_mockup, layout_basic
D:2:      layout_basic, minmay_misc_feat_more_columns
D:3:      layout_loops_ring, grunt_ministairs_11, nicolae_elevator_lobby_plus
D:4:      layout_cave_pods, minmay_temple_entry_large_hall
D:5:      layout_basic, enter_ossuary_5, uniq_crazy_yiuf_cottage
D:6:      layout_rooms, uniq_menkaure, uniq_grinder
D:7:      minmay_klotski, layout_loops_ring, chequers_serial_rivers_room_a
D:8:      layout_gridville, amcnicky_altar_gilded, uniq_prince_ribbit1
D:9:      layout_roguey, orc_0_dummy, uniq_erolcha
D:10:     minmay_the_grid_octo_tiled_squarecenter
          [minmay_the_grid_octo_checkered, minmay_the_grid_octo_fan_narrow,
          minmay_the_grid_octo_shrine, minmay_the_grid_octo_chip,
          minmay_the_grid_square_5x5_megaprize_diamond,
          minmay_the_grid_square_5x5_three, minmay_the_grid_square_5x5_eight,
          minmay_the_grid_square_5x5_detours, minmay_the_grid_square_5x5_n],
          layout_basic, grunt_temple_overflow_open,
          mainiacjoe_overflow_concentric_impassable, serial_shops, shop,
          enter_bailey_4, chequers_serial_rivers_small_a, serial_park_tiny_pond,
          serial_nicolae_subway, nicolae_sub_station_metal,
          nicolae_sub_station_stone, nicolae_sub_station_crystal
D:11:     layout_loops_corners
D:12:     layout_roguey, serial_demonic, serial_demonic_g, serial_demonic_c,
          serial_demonic_a, serial_demonic_b, minivault_19, uniq_jorgrun,
          uniq_maurice, uniq_josephine
Temple:   nicolae_temple_ecumenical_triangle
Lair:1:   minmay_lair_oklob_tunnel, layout_chaotic_city, grunt_megastairs_2
Lair:2:   layout_long_grid, nicolae_snake_entry_squirm, serial_bayou_crossing,
          infiniplex_staircase_pool
Lair:3:   layout_gridlike, elwin_shoals_entry_stream, portal_ice_cave_rime,
          infiniplex_staircase_pool_2, uniq_urug
Lair:4:   layout_roguey, nicolae_slime_entry_field_trip, lemuel_fruit_tree,
          uniq_sonja
Lair:5:   cheibrodos_lair_end_hotspot, layout_cave_pods,
          chequers_serial_rivers_micro_e
Orc:1:    layout_caves, nicolae_specific_store, uniq_harold, uniq_fannar
Orc:2:    pf_orc_diabolical, layout_caves, gammafunk_ghost_cemetery

Skill      XL: |  1  2  3  4  5  6  7  8  9 10 11 12 13 14 15 |
---------------+----------------------------------------------+-----
Short Blades   | 3 4 5 7 8 10 12 13 15 16 17 | 17.4
Dodging        | 2 3 4 6 7 9 10 12 13 15 | 15.9
Stealth        | 6 7 9 10 12 13 15 16 18 19 | 19.2
Fighting       | 3 4 6 7 8 10 11 12 14 | 14.8
Throwing       | |  2.1

Action                     |  1- 3 |  4- 6 |  7- 9 | 10-12 | 13-15 || total
---------------------------+-------+-------+-------+-------+-------++-------
  Melee: Dagger            |    43 |   186 |   460 |   563 |  1364 ||  2616
         Punch             |       |     3 |    13 |     9 |    32 ||    57
 Invoke: Recall Ancestor   |       |       |     1 |       |       ||     1
         Ancestor Life: He |       |       |     1 |       |       ||     1
    Use: Potion            |       |     3 |     1 |       |     2 ||     6
         Scroll            |       |       |    10 |    14 |     6 ||    30
   Stab: Sleeping          |    19 |     7 |    33 |    14 |    42 ||   115
         Confused          |       |       |     1 |    13 |    31 ||    45
         Distracted        |       |       |     1 |     9 |    22 ||    32
         Paralysed         |       |       |       |       |    18 ||    18
 Armour: Robe              |     3 |    20 |    77 |    38 |    66 ||   204
         Skin              |       |    57 |       |       |       ||    57
         Troll leather arm |       |       |       |    20 |    84 ||   104
  Dodge: Dodged            |    14 |    99 |   309 |   331 |   963 ||  1716

Table legend: (Time is in decaauts)
 A = Elapsed time spent in this place.
 B = Non-inter-level travel time spent in this place.
 C = Inter-level travel time spent in this place.
 D = Time resting spent in this place.
 E = Time spent auto-exploring this place.
 F = Levels seen in this place.
 G = Mean time per level.
                   A        B        C        D        E       F      G
               +--------+--------+--------+--------+--------+-----+--------+
         Total |  22251 |  21205 |   1046 |   4536 |  12434 |  23 |  967.4 |
       Dungeon |  12991 |  12157 |    834 |   2081 |   7712 |  12 | 1082.6 |
        Temple |     68 |     61 |      7 |      0 |     34 |   1 |   68.0 |
          Lair |   4386 |   4201 |    185 |    345 |   3208 |   5 |  877.2 |
  Orcish Mines |   2062 |   2042 |     20 |    739 |    899 |   2 | 1031.0 |
       Ossuary |    389 |    389 |      0 |      0 |    159 |   1 |  389.0 |
        Bailey |    391 |    391 |      0 |    222 |     81 |   1 |  391.0 |
      Ice Cave |   1963 |   1963 |      0 |   1149 |    341 |   1 | 1963.0 |
               +--------+--------+--------+--------+--------+-----+--------+

Top non-repeatable levels by time:
    D:11: 2126 daAuts
   IceCv: 1963 daAuts
  Lair:3: 1404 daAuts
    D:10: 1385 daAuts
     D:7: 1384 daAuts
     D:3: 1287 daAuts
     D:4: 1219 daAuts
   Orc:2: 1076 daAuts
     D:5: 1047 daAuts
     D:1: 1038 daAuts
   Orc:1: 985 daAuts
     D:8: 911 daAuts
  Lair:2: 910 daAuts
    D:12: 842 daAuts
  Lair:4: 838 daAuts
